 Dungeon Crawl Stone Soup version 0.29-a0-25-g7f48f510a0 (webtiles) character file.

Game seed: 7422256918780157369

51 dolemite99 the Ducker (level 3, 0/31 HPs)
             Began as a Gnoll Gladiator on Feb 1, 2022.
             Was an Initiate of Yredelemnul.
             Slain by a gnoll (1 damage)
             ... on level 2 of the Dungeon.
             The game lasted 00:01:25 (1624 turns).

dolemite99 the Ducker (Gnoll Gladiator)             Turns: 1624, Time: 00:01:25

Health: 0/31       AC: 10    Str: 15    XL:     3   Next: 83%
Magic:  4/4        EV:  8    Int:  7    God:    Yredelemnul [......]
Gold:   47         SH:  0    Dex: 13    Spells: 4/4 levels left

rFire   . . .      SeeInvis .   a - +0 quarterstaff
rCold   . . .      Faith    .   (shield currently unavailable)
rNeg    . . .      Spirit   .   k - +0 chain mail
rPois   .          Reflect  .   c - +0 helmet
rElec   .          Harm     .   (no cloak)
rCorr   .          Rampage  .   h - +0 pair of gloves
Will    .....                   (no boots)
Stlth   ..........              (no amulet)
HPRegen 0.10/turn               (no ring)
MPRegen 0.09/turn               (no ring)

@: no status effects
A: fangs 1, strong nose, distributed training
a: Renounce Religion, Recall Undead Harvest


You were on level 2 of the Dungeon.
You worshipped Yredelemnul.
Yredelemnul was noncommittal.
You visited 1 branch of the dungeon, and saw 2 of its levels.

You collected 47 gold pieces.

Inventory:

Hand Weapons
 a - a +0 quarterstaff (weapon)
Missiles
 d - 3 throwing nets (quivered)
 i - 2 javelins
Armour
 b - a +0 leather armour
 c - a +0 helmet (worn)
 f - a +0 buckler
 h - a +0 pair of gloves (worn)
 k - a +0 chain mail (worn)
Scrolls
 e - a scroll of identify {unknown}
 m - a scroll of blinking {unknown}
Potions
 g - a potion of heal wounds {unknown}
 j - a potion of degeneration {unknown}
 l - a potion of might {unknown}


   Skills:
 + Level 4.6 Fighting
 + Level 1.0 Short Blades
 + Level 1.0 Long Blades
 + Level 1.0 Axes
 + Level 1.0 Maces & Flails
 + Level 1.0 Polearms
 + Level 6.5 Staves
 + Level 1.0 Slings
 + Level 1.0 Bows
 + Level 1.0 Crossbows
 + Level 4.6 Throwing
 + Level 1.0 Armour
 + Level 6.5 Dodging
 + Level 1.0 Stealth
 + Level 1.0 Shields
 + Level 1.0 Unarmed Combat
 + Level 1.0 Spellcasting
 + Level 0.7 Conjurations
 + Level 0.7 Hexes
 + Level 0.7 Summonings
 + Level 0.7 Necromancy
 + Level 0.7 Translocations
 + Level 0.7 Transmutations
 + Level 0.7 Fire Magic
 + Level 0.7 Ice Magic
 + Level 0.7 Air Magic
 + Level 0.7 Earth Magic
 + Level 0.7 Poison Magic
 + Level 1.0 Invocations
 + Level 1.0 Evocations


You had 4 spell levels left.
You didn't know any spells.
Your spell library was empty.

Dungeon Overview and Level Annotations

Branches:
Dungeon (2/15)

Altars:
Kikubaaqudgha
Yredelemnul


Innate Abilities, Weirdness & Mutations

You have very sharp teeth.
Your uncanny sense of smell can sniff out nearby items.
Your experience applies equally to all skills.


Message History

The gnoll hits your scorpion zombie with a +0 halberd!
Your scorpion zombie is destroyed!
The gnoll hits your gnoll zombie with a +0 club.
Your gnoll zombie completely misses the gnoll.
The gnoll shouts!
The gnoll hits your gnoll zombie with a +0 club.
Your gnoll zombie hits the gnoll.
The gnoll hits your gnoll zombie with a +0 club.
Your gnoll zombie is destroyed!
The gnoll shouts!
There is an open door here.
The gnoll hits you with a +0 halberd.
You hit the gnoll.
You kill the gnoll!
The gnoll hits you with a +0 spear. The gnoll hits you with a +0 halberd.
Your Short Blades skill increases to level 1!
Your Long Blades skill increases to level 1!
Your Axes skill increases to level 1!
Your Maces & Flails skill increases to level 1!
Your Polearms skill increases to level 1!
Your Slings skill increases to level 1!
Your Bows skill increases to level 1!
Your Crossbows skill increases to level 1!
Your Armour skill increases to level 1!
Your Stealth skill increases to level 1!
Your Shields skill increases to level 1!
Your Unarmed Combat skill increases to level 1!
Your Spellcasting skill increases to level 1!
Your Evocations skill increases to level 1!
You barely miss the gnoll. You bite the gnoll.
The gnoll is almost dead.
The gnoll hits you with a +0 spear.
* * * LOW HITPOINT WARNING * * *
The gnoll barely misses you.
You hit the gnoll but do no damage.
The gnoll is almost dead.
The gnoll hits you with a +0 spear!
* * * LOW HITPOINT WARNING * * *
The gnoll hits you with a +0 halberd.
You die...
Your body rises from the dead as a mindless zombie.

######################..
#...................ZZ..
#.######....##########..
#ZZ....)................
#Z#####.......########..
#.#.# #.......# #..
#...###.......# ###
###...g.......#
#...g@##....#
#..##)##.#### #..##'##.#
#.##.....# #.##.....#
.... ######.....# ....
#...)...##.# ....
##..(..+# .# ....
#........ # ....


You could see 2 gnolls.

Vanquished Creatures
  2 gnolls (D:2)
  An adder (D:2)
  4 ball pythons
  2 endoplasms
  2 giant cockroaches (D:1)
  2 hobgoblins
  A kobold (D:1)
  3 quokkas
  3 frilled lizards
  4 rats (D:1)
24 creatures vanquished.

Vanquished Creatures (others)
  A scorpion zombie (D:2)
  A gnoll zombie (D:2)
  A giant cockroach zombie (D:2)
  A quokka zombie (D:2)
  A spectral endoplasm (D:2)
5 creatures vanquished.

Grand Total: 29 creatures vanquished

Notes
Turn   | Place    | Note
-------+----------+-------------------------------------------
     0 | D:1      | dolemite99 the Gnoll Gladiator began the quest for the Orb.
     0 | D:1      | Reached XP level 1. HP: 20/20 MP: 1/1
   173 | D:1      | Reached XP level 2. HP: 26/26 MP: 2/2
   851 | D:2      | Reached XP level 3. HP: 10/31 MP: 3/3
  1326 | D:2      | Found a faded altar of an unknown god.
  1448 | D:2      | Prayed at the altar of an unknown god.
  1448 | D:2      | Became a worshipper of Yredelemnul the Dark
  1448 | D:2      | Reached * piety under Yredelemnul
  1594 | D:2      | Found an ancient bone altar of Kikubaaqudgha.
  1607 | D:2      | Reached skill level 1 in Invocations
  1623 | D:2      | Reached skill level 1 in Short Blades
  1623 | D:2      | Reached skill level 1 in Long Blades
  1623 | D:2      | Reached skill level 1 in Axes
  1623 | D:2      | Reached skill level 1 in Maces & Flails
  1623 | D:2      | Reached skill level 1 in Polearms
  1623 | D:2      | Reached skill level 1 in Slings
  1623 | D:2      | Reached skill level 1 in Bows
  1623 | D:2      | Reached skill level 1 in Crossbows
  1623 | D:2      | Reached skill level 1 in Armour
  1623 | D:2      | Reached skill level 1 in Stealth
  1623 | D:2      | Reached skill level 1 in Shields
  1623 | D:2      | Reached skill level 1 in Unarmed Combat
  1623 | D:2      | Reached skill level 1 in Spellcasting
  1623 | D:2      | Reached skill level 1 in Evocations
  1624 | D:2      | HP: 1/31 [gnoll (7)]
  1624 | D:2      | Slain by a gnoll

Illustrated notes

Levels and vault maps discovered:
D:1:      sevenhm_arrival_forest_fort_large_2, layout_loops_cross, hex_tiny,
          minmay_large_rounded_square, chequers_big_river,
          palyth_stone_intersect, hangedman_decor_clover_reticule,
          feat_on_display
D:2:      layout_basic, hellmonk_ecumenical_altar_zigzags, basic_altar,
          nrook_loot_triangle

Skill      XL: |  1  2  3 |
---------------+----------+-----
Invocations    | 1 |  1.0
Short Blades   | 1 |  1.0
Long Blades    | 1 |  1.0
Axes           | 1 |  1.0
Maces & Flails | 1 |  1.0
Polearms       | 1 |  1.0
Slings         | 1 |  1.0
Bows           | 1 |  1.0
Crossbows      | 1 |  1.0
Armour         | 1 |  1.0
Stealth        | 1 |  1.0
Shields        | 1 |  1.0
Unarmed Combat | 1 |  1.0
Spellcasting   | 1 |  1.0
Evocations     | 1 |  1.0
Fighting       | |  4.6
Staves         | |  6.5
Throwing       | |  4.6
Dodging        | |  6.5
Conjurations   | |  0.7
Hexes          | |  0.7
Summonings     | |  0.7
Necromancy     | |  0.7
Translocations | |  0.7
Transmutations | |  0.7
Fire Magic     | |  0.7
Ice Magic      | |  0.7
Air Magic      | |  0.7
Earth Magic    | |  0.7
Poison Magic   | |  0.7

Action                   || total
-------------------------++-------
Melee: Quarterstaff      ||    57
       Bite              ||     5
  Use: Scroll            ||     1
 Stab: Sleeping          ||     3
Armor: Leather armour    ||     6
       Chain mail        ||    15
Dodge: Dodged            ||    31

Table legend: (Time is in decaauts)
 A = Elapsed time spent in this place.
 B = Non-inter-level travel time spent in this place.
 C = Inter-level travel time spent in this place.
 D = Time resting spent in this place.
 E = Time spent auto-exploring this place.
 F = Levels seen in this place.
 G = Mean time per level.
                   A        B        C        D        E       F      G
               +--------+--------+--------+--------+--------+-----+--------+
         Total |   1629 |   1603 |     26 |    411 |    945 |   2 |  814.5 |
       Dungeon |   1629 |   1603 |     26 |    411 |    945 |   2 |  814.5 |
               +--------+--------+--------+--------+--------+-----+--------+

Top non-repeatable levels by time:
     D:1: 828 daAuts
     D:2: 801 daAuts
